 Dungeon Crawl Stone Soup version 0.26-a0-752-gcff87cac9a (webtiles) character file.

Game seed: 11587778173306648065

166 Antenora the Skirmisher (level 5, 0/42 HPs)
             Began as a Demonspawn Abyssal Knight on Nov 6, 2020.
             Was a Follower of Lugonu.
             Slain by a hound (3 damage)
             ... on level 4 of the Dungeon.
             The game lasted 00:16:00 (4045 turns).

Antenora the Skirmisher (Demonspawn Abyssal Knight) Turns: 4045, Time: 00:16:01

Health: 0/42       AC:  3    Str: 11 (13) XL:     5   Next: 22%
Magic:  7/7        EV: 11    Int: 12 (13) God:    Lugonu [*.....]
Gold:   94         SH:  0    Dex: 12 (13) Spells: 2/4 levels left

rFire    . . .     SeeInvis .   a - +2 falchion
rCold    + . .     Faith    .   (no shield)
rNeg     . . .     Spirit   .   b - +0 leather armour
rPois    .         Reflect  .   (helmet restricted)
rElec    .         Harm     .   (no cloak)
rCorr    .         Rampage  .   (no gloves)
MR       .....                  (no boots)
Stlth    +.........             (no amulet)
HPRegen  0.14/turn              g - ring of protection from cold
MPRegen  0.10/turn              (no ring)

@: no status effects
A: antennae 1, powered by pain 2
a: Depart the Abyss, Renounce Religion


You were on level 4 of the Dungeon.
You worshipped Lugonu.
Lugonu was aware of your devotion.
You visited 1 branch of the dungeon, and saw 4 of its levels.
You visited the Abyss 1 time.

You collected 94 gold pieces.

Inventory:

Hand Weapons
 a - a +2 falchion (weapon)
Armour
 b - a +0 leather armour (worn)
Jewellery
 f - an uncursed ring of flight {unknown}
 g - a ring of protection from cold (left hand)
Wands
 h - a wand of flame (11)
Scrolls
 c - a scroll of enchant weapon
 e - a scroll of magic mapping


   Skills:
 + Level 4.0 Fighting
 + Level 3.0 Long Blades
 + Level 2.7 Armour
 * Level 1.7 Dodging
 - Level 0.1 Stealth
 * Level 0.1 Spellcasting
 * Level 3.2 Invocations


You had 2 spell levels left.
You knew the following spells:

 Your Spells              Type           Power        Failure   Level
a - Wereblood             Tmut           #.......     54%         2

Your spell library contained the following spells:

 Spells                   Type           Power        Failure   Level
 Beastly Appendage        Tmut           #.....       38%         1
 Spider Form              Tmut/Pois      #.........   77%         3
 Ice Form                 Ice/Tmut       #.......     99%         4
 Blade Hands              Tmut           #.........   100%        5


Dungeon Overview and Level Annotations

Branches:
Dungeon (4/15)
 Temple: D:4-7

Altars:

Annotations:
D:4 Pikel


Innate Abilities, Weirdness & Mutations

You have a pair of small antennae on your head.
You sometimes gain power by taking damage.


Message History

The hound bites you.
* * * LOW HITPOINT WARNING * * *
You barely miss the hound.
The hound is almost dead.
The hound misses you. The adder skeleton bites you.
* * * LOW HITPOINT WARNING * * *
The hound closely misses you.
You riposte.
You hit the hound.
The hound is almost dead.
You closely miss the hound.
The hound is almost dead.
The adder skeleton barely misses you. The hound closely misses you.
The adder skeleton closely misses you.
You closely miss the hound.
The hound is almost dead.
The hound closely misses you. x2; The adder skeleton bites you.
* * * LOW HITPOINT WARNING * * *
You hit the hound but do no damage.
The hound is almost dead.
The hound bites you.
You die...

###### ### ......
..# ...... #.#
...... #.# ......
#.#
......####.#######
...............h@#
..Z....###.####Z##
...... #.#.##.#
...... #.#....#
...... #.#.####
...... #.#.# ..#.#
###.# #.#


You could see a hound and an adder skeleton.

Vanquished Creatures
  A big kobold (D:3)
  A hound skeleton (D:4)
  3 adders
  3 worms
  2 orcs
  3 ball pythons
  A giant cockroach (D:2)
  4 goblins
  8 hobgoblins
  A quokka (D:4)
  6 bats
  A frilled lizard (D:1)
  15 kobolds
  2 rats (D:1)
51 creatures vanquished.

Notes
Turn   | Place    | Note
-------+----------+-------------------------------------------
     0 | Abyss:1  | Antenora the Demonspawn Abyssal Knight began the quest for
                  | the Orb.
     0 | Abyss:1  | Reached XP level 1. HP: 18/18 MP: 2/2
    63 | Abyss:1  | Noticed a glowing orange brain
    71 | D:1      | Escaped the Abyss
   149 | D:1      | Reached * piety under Lugonu
   149 | D:1      | Reached skill level 1 in Dodging
   275 | D:1      | Gained mutation: You sometimes gain a little power by
                  | taking damage. [demonic ancestry]
   275 | D:1      | Reached XP level 2. HP: 19/24 MP: 3/3
  1103 | D:2      | Gained mutation: You sometimes gain power by taking damage.
                  | [demonic ancestry]
  1103 | D:2      | Reached XP level 3. HP: 12/29 MP: 4/4
  2565 | D:3      | Reached XP level 4. HP: 34/37 MP: 5/5
  2594 | D:3      | Noticed a big kobold
  2648 | D:3      | Killed a big kobold
  2648 | D:3      | Gained mutation: You have a pair of small antennae on your
                  | head. [demonic ancestry]
  2648 | D:3      | Reached XP level 5. HP: 19/42 MP: 5/7
  2892 | D:3      | Learned a level 2 spell: Wereblood
  3451 | D:4      | Reached ** piety under Lugonu
  3475 | D:4      | Reached skill level 4 in Fighting
  3672 | D:4      | Noticed Pikel
  3672 | D:4      | Noticed a lemure
  3672 | D:4      | Noticed a lemure
  3672 | D:4      | Noticed a lemure
  3673 | D:4      | Noticed a lemure
  3678 | D:4      | Noticed an ogre
  4044 | D:4      | HP: 2/42 [adder skeleton (1)]
  4045 | D:4      | Slain by a hound

Illustrated notes

Levels and vault maps discovered:
D:1:      dpeg_arrival_water_altar, layout_rooms
D:2:      layout_basic
D:3:      cheibrodos_thug_alley, layout_basic
D:4:      layout_basic, marbit_many_paths, uniq_ijyb, uniq_pikel

Skill      XL: |  1  2  3  4  5 |
---------------+----------------+-----
Dodging        | 1 |  1.7
Long Blades    | 2 3 |  3.0
Armour         | 2 |  2.7
Invocations    | 3 |  3.2
Fighting       | 4 |  4.0
Stealth        | |  0.1
Spellcasting   | |  0.1

Action                   |  1- 3 |  4- 6 || total
-------------------------+-------+-------++-------
Melee: Falchion          |   128 |    87 ||   215
Invok: Depart the Abyss  |     1 |       ||     1
  Use: Scroll            |     9 |     4 ||    13
       Potion            |     2 |     3 ||     5
Armor: Leather armour    |    39 |    18 ||    57
Dodge: Dodged            |   113 |    49 ||   162
       Rpst.: Falchion   |    33 |    13 ||    46

Table legend: (Time is in decaauts)
 A = Elapsed time spent in this place.
 B = Non-inter-level travel time spent in this place.
 C = Inter-level travel time spent in this place.
 D = Time resting spent in this place.
 E = Time spent auto-exploring this place.
 F = Levels seen in this place.
 G = Mean time per level.
                   A        B        C        D        E       F      G
               +--------+--------+--------+--------+--------+-----+--------+
         Total |   4065 |   4065 |      0 |   1700 |      4 |   5 |  813.0 |
       Dungeon |   3994 |   3994 |      0 |   1700 |      4 |   4 |  998.5 |
         Abyss |     71 |     71 |      0 |      0 |      0 |   1 |   71.0 |
               +--------+--------+--------+--------+--------+-----+--------+

Top non-repeatable levels by time:
     D:3: 1190 daAuts
     D:2: 963 daAuts
     D:4: 927 daAuts
     D:1: 912 daAuts
 Abyss:1: 71 daAuts
